 Dungeon Crawl Stone Soup version 0.29.1-15-g9cfb28693d (webtiles) character file.

Game seed: 12569383216102071256

581 Barneous the Sneak (level 7, -1/41 HPs)
             Began as an Octopode Necromancer on Feb 24, 2023.
             Was an Initiate of Sif Muna.
             Slain by an ufetubus (2 damage)
             ... on level 5 of the Dungeon.
             The game lasted 00:21:31 (5354 turns).

Barneous the Sneak (Octopode Necromancer)           Turns: 5354, Time: 00:21:31

Health: -1/41      AC:  3    Str:  7    XL:     7   Next: 36%
Magic:  6/12       EV: 14    Int: 20    God:    Sif Muna [......]
Gold:   153        SH:  0    Dex: 12    Spells: 2/13 levels left

rFire   . . .      SeeInvis .   k - +2 quarterstaff (pain)
rCold   + . .      Faith    .   (shield currently unavailable)
rNeg    . . .      Spirit   .   d - +2 hat
rPois   .          Reflect  .   (no amulet)
rElec   .          Harm     .   a - ring of flight
rCorr   .          Rampage  .   c - ring of protection from cold
Will    .....                   (no ring)
Stlth   ++++......              (no ring)
HPRegen 0.13/turn               (no ring)
MPRegen 0.13/turn               (no ring)
                                (no ring)
                                (no ring)

@: animating dead, flying
A: almost no armour, amphibious, 8 rings, camouflage 1, gelatinous body 1,
(nimble swimmer 1), tentacles, screaming 1
a: Renounce Religion


You were on level 5 of the Dungeon.
You worshipped Sif Muna.
Sif Muna was noncommittal.
You visited 1 branch of the dungeon, and saw 5 of its levels.

You collected 398 gold pieces.
You spent 245 gold pieces at shops.

Inventory:

Hand Weapons
 k - a +2 quarterstaff of pain (weapon)
Armour
 d - a +2 hat (worn)
Jewellery
 a - a ring of flight (left tentacle)
 c - a ring of protection from cold (right tentacle)
Wands
 e - a wand of polymorph (10)
Scrolls
 b - 2 scrolls of fog
 h - 5 scrolls of teleportation
 i - a scroll of enchant armour
 j - a scroll of magic mapping
Potions
 g - a potion of magic


   Skills:
 + Level 3.8 Dodging
 + Level 5.5 Stealth
 + Level 3.0 Unarmed Combat
 + Level 3.7 Spellcasting
 + Level 5.2 Necromancy


You had 2 spell levels left.
You knew the following spells:

 Your Spells              Type           Power      Damage    Failure   Level
a - Necrotise             Necr           96%        1d8       1%          1
b - Vampiric Draining     Necr           24%        2d7       4%          3
c - Summon Guardian Gole  Hex/Summ       3%         N/A       36%         3
d - Animate Dead          Necr           24%        N/A       16%         4

Your spell library contained the following spells:

 Spells                   Type           Power      Damage    Failure   Level
 Summon Small Mammal      Summ           12%        N/A       13%         1
 Poisonous Vapours        Pois/Air       6%         N/A       21%         2
 Call Canine Familiar     Summ           3%         N/A       36%         3
 Stone Arrow              Conj/Erth      6%         3d7       36%         3
 Agony                    Necr           24%        N/A       38%         5
 Corpse Rot               Necr/Pois/Air  10%        N/A       54%         4
 Lehudib's Crystal Spear  Conj/Erth      1%         10d2      100%        8
 Animate Armour           Summ/Erth      Unusable   N/A       N/A         4

Dungeon Overview and Level Annotations

Branches:
Dungeon (5/15)
 Temple: D:4-7

Altars:
Kikubaaqudgha
Sif Muna

Shops:
D:3 ?

Annotations:
D:3 2 transporters, Mickster's ghost, amateur HOBe
D:4 2 transporters, deafmute's ghost, amateur HOFi


Innate Abilities, Weirdness & Mutations

You cannot wear most types of armour.
You are amphibious.
You can wear up to eight rings at the same time.
Your skin changes colour to match your surroundings (Stealth+).
Your rubbery body absorbs attacks. (AC +1, EV +1)
((You are camouflaged when in or above water. (Stealth+)))
You have tentacles for arms and can constrict up to eight enemies at once.
You occasionally shout uncontrollably at your foes.


Message History

Aiming: Necrotise (safe; 1% risk of failure)
Press: ? - help, Q - select action, (/) - cycle Shift-Dir - straight line, f - ufetubus
Aim: an ufetubus (ally target, not susceptible)
Okay, then.
An ufetubus is nearby!
Aiming: Necrotise (safe; 1% risk of failure)
Press: ? - help, Q - select action, (/) - cycle Shift-Dir - straight line, f - you
Okay, then.
The ufetubus closely misses you. The ufetubus barely misses you.
An ufetubus is nearby!
An ufetubus is nearby!
An ufetubus is nearby!
An ufetubus is nearby!
An ufetubus is nearby!
The ufetubus hits you.
* * * LOW HITPOINT WARNING * * *
The ufetubus hits you.
* * * LOW HITPOINT WARNING * * *
The ufetubus closely misses you. The ufetubus misses you.
Your ice beast zombie barely misses the ufetubus.
Aiming: Necrotise (safe; 1% risk of failure)
Press: ? - help, Q - select action, (/) - cycle Shift-Dir - straight line, f - ufetubus
Aim: an ufetubus (ally target, not susceptible)
The ufetubus is unaffected.
The ufetubus closely misses you. The ufetubus hits you.
* * * LOW HITPOINT WARNING * * *
Your ice beast zombie misses the ufetubus.
Okay, then.
Aiming: Necrotise (safe; 1% risk of failure)
Press: ? - help, Q - select action, (/) - cycle Shift-Dir - straight line, f/p - ufetubus
Aim: an ufetubus (ally target, not susceptible)
The ufetubus is unaffected.
The ufetubus hits you but does no damage. x2
The ufetubus misses you. The ufetubus closely misses you.
You miss the ufetubus. You grab the ufetubus. You constrict the ufetubus.
The ufetubus hits you but does no damage.
The ufetubus misses you.
Your ice beast zombie hits the ufetubus but does no damage.
The ufetubus hits you.
You die...

.... #.##...........
~~~P......###.##.........##
~~~~P.........##........##
.P~~~.........##.......##
~~~P~♣..##....##.......#
~~~~P...##....##.......#
P~~.~....+....####.####.#
~~~~.P..##...#.....# .#
~.~~~...Z5@..#.....# #
.~.~~........#.....#
♣.~.♣........#........
..P..........#........#
.(...(..#...............
#......#...............
........#...............
#.......#........


You could see an ufetubus (ally target) and a friendly ice beast zombie.

Vanquished Creatures
  An ice beast (D:5)
  A scorpion (D:4)
  A howler monkey (D:4)
  Natasha (thrice) (D:3)
  An iguana (D:5)
  2 orc wizards (D:4)
  8 adders
  4 orcs (D:4)
  8 endoplasms
  8 giant cockroaches
  5 goblins
  3 hobgoblins
  14 jackals
  8 kobolds
  3 quokkas
  8 ball pythons
  7 bats
  3 frilled lizards
  9 rats
97 creatures vanquished.

Vanquished Creatures (collateral kills)
  A centaur (D:5)
  A dart slug (D:3)
  An endoplasm (D:1)
  A ball python (D:1)
  A rat (D:2)
5 creatures vanquished.

Vanquished Creatures (others)
  6 plants (D:3)
6 creatures vanquished.

Grand Total: 108 creatures vanquished

Notes
Turn   | Place    | Note
-------+----------+-------------------------------------------
     0 | D:1      | Barneous the Octopode Necromancer began the quest for the
                  | Orb.
     0 | D:1      | Reached XP level 1. HP: 11/11 MP: 3/3
   225 | D:1      | Reached XP level 2. HP: 15/17 MP: 1/5
   576 | D:1      | Gained mutation: You occasionally shout uncontrollably at
                  | your foes. [potion of mutation]
   853 | D:1      | Reached XP level 3. HP: 21/21 MP: 2/6
  1219 | D:1      | Reached skill level 1 in Unarmed Combat
  1462 | D:2      | Reached XP level 4. HP: 24/27 MP: 2/7
  2378 | D:2      | Learned a level 3 spell: Vampiric Draining
  2432 | D:2      | Identified the +1 robe of Dogmatism {rPois Regen+ Str+6}
  2476 | D:2      | Found a faded altar of an unknown god.
  2771 | D:3      | Reached XP level 5. HP: 22/31 MP: 1/9
  3015 | D:3      | Found a transporter.
  3175 | D:3      | Noticed Natasha
  3180 | D:3      | Killed Natasha
  3212 | D:3      | Noticed Natasha
  3220 | D:3      | Killed Natasha
  3516 | D:3      | Noticed Natasha
  3526 | D:3      | Killed Natasha
  3661 | D:3      | Reached XP level 6. HP: 36/36 MP: 6/10
  3703 | D:3      | Found Obbas's Magic Scroll Boutique.
  3720 | D:3      | Bought a scroll of enchant armour for 75 gold pieces
  3720 | D:3      | Bought a scroll of enchant armour for 75 gold pieces
  3720 | D:3      | Bought a scroll of magic mapping for 75 gold pieces
  3720 | D:3      | Bought a scroll of identify for 20 gold pieces
  3794 | D:3      | Found a transporter.
  3795 | D:3      | Noticed Mickster's ghost (amateur HOBe)
  3797 | D:3      | Identified the +2 halberd of the Spectre {venom, SInv}
  4076 | D:4      | Found a shimmering blue altar of Sif Muna.
  4097 | D:4      | Became a worshipper of Sif Muna the Loreminder
  4176 | D:4      | Found an ancient bone altar of Kikubaaqudgha.
  4430 | D:4      | Learned a level 3 spell: Summon Guardian Golem
  4665 | D:4      | Found a transporter.
  4666 | D:4      | Noticed deafmute's ghost (amateur HOFi)
  4695 | D:4      | Reached skill level 5 in Stealth
  4695 | D:4      | Reached skill level 5 in Necromancy
  4884 | D:4      | Found a transporter.
  4997 | D:5      | Entered Level 5 of the Dungeon
  5156 | D:5      | Reached XP level 7. HP: 23/41 MP: 4/12
  5296 | D:5      | Learned a level 4 spell: Animate Dead
  5352 | D:5      | HP: 1/41 [ufetubus (4)]
  5354 | D:5      | Slain by an ufetubus

Illustrated notes

Levels and vault maps discovered:
D:1:      onia_arrival_mini_maze, layout_basic
D:2:      layout_basic, shapermc_ecumenical_altar_venn
D:3:      layout_basic, gammafunk_ghost_gnarly_gnolls, serial_shops, shop,
          amethyst_killhole, uniq_natasha
D:4:      layout_basic, mainiacjoe_overflow_boulevard, lemuel_doored_altar,
          gammafunk_ghost_smash, minmay_misc_feat_square
D:5:      layout_basic, nicolae_gozag_seed_capital,
          amethyst_overflow_temple_binary, nicolae_take_the_stairs,
          serial_bayou_pond_b, uniq_edmund

Skill      XL: |  1  2  3  4  5  6  7 |
---------------+----------------------+-----
Stealth        | 3 4 5 |  5.5
Unarmed Combat | 1 2 3 |  3.0
Dodging        | 3 |  3.8
Spellcasting   | 3 |  3.7
Necromancy     | 5 |  5.2

Action                   |  1- 3 |  4- 6 |  7- 9 || total
-------------------------+-------+-------+-------++-------
Melee: Unarmed           |     4 |       |       ||     4
       Constrict         |     2 |     8 |     1 ||    11
       Short sword       |     1 |    21 |       ||    22
       Tentacles         |     1 |     7 |     2 ||    10
       Quarterstaff      |       |     2 |     7 ||     9
       Punch             |       |     1 |       ||     1
 Cast: Necrotise         |    52 |   124 |     4 ||   180
       Vampiric Draining |       |     1 |       ||     1
       Summon Guardian G |       |     1 |       ||     1
       Animate Dead      |       |       |     1 ||     1
  Use: Potion            |     2 |     9 |       ||    11
       Scroll            |       |     9 |       ||     9
Armor: Skin              |     1 |     8 |     4 ||    13
Dodge: Dodged            |     5 |    28 |    15 ||    48
Block: Kite shield       |       |     2 |       ||     2
